 Dungeon Crawl Stone Soup version 0.31.0-9-g3a7656b989 (webtiles) character file.

Game seed: 9930155121037966867

55937 Kass the Warrior (level 14, 0/138 HPs)
             Began as a Minotaur Berserker on Jan 30, 2024.
             Was a High Priest of Trog.
             Succumbed to Nessos's poison
             ... on level 2 of the Orcish Mines.
             The game lasted 00:57:44 (20211 turns).

Kass the Warrior (Minotaur Berserker)              Turns: 20211, Time: 00:57:45

Health: 0/138      AC: 16    Str: 24    XL:     14   Next: 40%
Magic:  22/22      EV: 14    Int:  7    God:    Trog [*****.]
Gold:   698        SH: 16    Dex: 13    Spells: 13/13 levels left

rFire   + . .        y - +0 whip (elec)
rCold   x . .        V - +5 kite shield "Maehaotz" {rPois Str-3 Dex+3}
rNeg    + + .        H - +3 scale mail of Elyvilon's Inspiration {rElec rN++}
rPois   +            T - +1 hat {Int+3}
rElec   +            U - +0 cloak
rCorr   +            (no gloves)
SInv    .            s - +0 pair of boots
Will    +++..        (no amulet) Stlth
                     g - +4 ring of slaying
HPRegen 1.43/turn    j - ring "Itearan" {rElec rF+ rC- rCorr MP+9}
MPRegen 0.18/turn

%: no passive effects
@: lethally poisoned (0 -> -8), about to teleport, strong-willed, on berserk
cooldown, regenerating, slowed, studying Fighting, very slow
A: horns 2, retaliatory headbutt
a: Renounce Religion, Berserk, Trog's Hand, Brothers in Arms


You were on level 2 of the Orcish Mines.
You worshipped Trog.
Trog was extremely pleased with you.
You visited 3 branches of the dungeon, and saw 18 of its levels.

You collected 1184 gold pieces.
You spent 486 gold pieces at shops.

Inventory:

Hand Weapons
 u - a +4 dire flail of holy wrath
 y - a +0 whip of electrocution (weapon)
 P - a +6 antimagic flail
Missiles
 p - 18 poisoned darts (quivered)
 q - 8 atropa-tipped darts
 J - 3 curare-tipped darts
 M - 2 throwing nets
Armour
 i - a +0 scale mail of cold resistance
 s - a +0 pair of boots (worn)
 H - the +3 scale mail of Elyvilon's Inspiration (worn) {rElec rN++}
   (You took it off an orc on level 7 of the Dungeon)

   rElec:     It insulates you from electricity.
   rN++:      It greatly protects you from negative energy.
 T - a +1 hat of intelligence (worn)
 U - a +0 cloak (worn)
 V - the +5 kite shield "Maehaotz" (worn) {rPois Str-3 Dex+3}
   (You bought it in a shop on level 2 of the Dungeon)

   Str-3:     It affects your strength (-3).
   Dex+3:     It affects your dexterity (+3).
   rPois:     It protects you from poison
Jewellery
 g - a +4 ring of slaying (left hand)
 j - the ring "Itearan" (right hand) {rElec rF+ rC- rCorr MP+9}
   (You found it on level 2 of the Dungeon)

   [ring of magical power]

   rF+:       It protects you from fire.
   rC-:       It makes you vulnerable to cold.
   rElec:     It insulates you from electricity.
   MP+9:      It affects your magic capacity (+9).
   rCorr:     It protects you from acid and corrosion.
 m - a ring of protection from fire
 r - a ring of fire
 N - a ring of ice
 O - a +5 ring of evasion
Wands
 t - a wand of flame (15)
 v - a wand of acid (12)
 K - a wand of polymorph (1)
 Q - a wand of digging (9)
 W - a wand of iceblast (3)
 Y - a wand of mindburst (8)
Scrolls
 a - 3 scrolls of enchant armour {unknown}
 b - 21 scrolls of identify
 c - 6 scrolls of fog {unknown}
 d - 4 scrolls of immolation {unknown}
 f - 8 scrolls of teleportation
 h - 3 scrolls of enchant weapon {unknown}
 k - 3 scrolls of noise
 l - 2 scrolls of revelation {unknown}
 w - 3 scrolls of vulnerability {unknown}
 B - 2 scrolls of blinking
 C - 3 scrolls of torment {unknown}
 E - 2 scrolls of fear {unknown}
 G - 3 scrolls of poison {unknown}
 X - 2 scrolls of brand weapon {unknown}
Potions
 e - 2 potions of enlightenment {unknown}
 n - 6 potions of mutation {unknown}
 o - 8 potions of curing
 x - a potion of lignification {unknown}
 z - 3 potions of berserk rage {unknown}
 A - a potion of haste {unknown}
 L - 2 potions of attraction {unknown}
 S - 4 potions of brilliance {unknown}
 Z - a potion of degeneration {unknown}


   Skills:
 + Level 16.4 Fighting
 - Level 12.0 Maces & Flails
 - Level 9.0 Polearms
 + Level 13.2 Armour
 + Level 12.2 Dodging
 + Level 11.3 Shields
 + Level 5.0 Evocations


You had 13 spell levels left.
You didn't know any spells.
Your spell library was empty.

Dungeon Overview and Level Annotations

Branches:
Dungeon (15/15)            Temple (1/1) D:6            Lair (0/5) D:9
    Orc (2/2) D:11         Vaults (0/5) D:13
    Elf: Orc:2       Depths: D:15

Altars:
Ashenzari
Cheibriados
Dithmenos
Elyvilon
Fedhas
Gozag
Hepliaklqana
Kikubaaqudgha
Makhleb
Nemelex Xobeh
Okawaru
Qazlal
Ru
Sif Muna
Trog
Uskayaw
Vehumet
Wu Jian
Xom
Yredelemnul
Zin
The Shining One

Shops:
D:2 ?[==*   D:8 (   Orc:1 (   Orc:2 ?[

Portals:
Trove: D:10 (give 2 scrolls of acquirement)
Gauntlet: Orc:2

Annotations:
D:4 2 transporters, Colgate's ghost, amateur DsCA
D:7 2 transporters
D:8 2 transporters, AlterAsc's ghost, novice OpSh
D:9 1 runed translucent door
Orc:2 Nessos


Innate Abilities, Weirdness & Mutations

You have a pair of horns on your head.
You reflexively headbutt those who attack you in melee.


Message History

You kill the ogre mage!
Trog accepts your kill.
Trog appreciates your killing of a magic user.
Nessos hits you!
* * * LOW HITPOINT WARNING * * *
Nessos kicks you.
* * * LOW HITPOINT WARNING * * *
Nessos hits you but does no damage. Nessos kicks you but does no damage.
Your Evocations skill increases to level 5!
You hit Nessos but do no damage. You headbutt Nessos.
Nessos is lightly wounded.
You block Nessos's attack. Nessos kicks you but does no damage.
Nessos casts a spell.
Nessos blinks!
You block the ogre's attack. x2
You hit the ogre. You headbutt the ogre.
The ogre is moderately wounded.
Nessos shouts, "I'm half human!
Half horse!
And all stone-cold KILLER!"
Nessos wields a +2 longbow of flaming.
It bursts into flame!
Nessos shoots an arrow.
The arrow hits you.
* * * LOW HITPOINT WARNING * * *
You block the ogre's attack.
You hit the ogre.
The ogre is heavily wounded.
Nessos shoots an arrow.
The arrow misses you. The ogre hits you with a +0 giant club!
* * * LOW HITPOINT WARNING * * *
You block the ogre's attack.
Nessos shoots an arrow.
The arrow completely misses you.
Okay, then.
As you read the scroll of teleportation, it crumbles to dust.
You feel strangely unstable.
Nessos shoots an arrow.
The arrow hits you!
* * * LOW HITPOINT WARNING * * *
The arrow burns you.
You are lethally poisoned!
* * * LOW HITPOINT WARNING * * *
The ogre barely misses you. x2; Nessos shoots an arrow.
You block the arrow.
You hit the ogre. Lightning courses through the ogre!
You kill the ogre!
Trog accepts your kill.
You die...

##.##...#.....# #...##.##....##
###.##..##...##
##.............#### ...#
#....#.<....#.###.## ....#
...#.........)(#...# ...#
............O)#...##### #...##
...........O####$.###.###....#
.............###@...c..#....##
...#....#...###..O...........##
..#.....§..###................#
...∩........###..#........#..##
.........#.## ####...........#
..........## #............#
....$.....# ..#..........##
........... .........#....##
...#.......# .#............#


You could see Nessos (fast) and an ogre.

Vanquished Creatures
  Gastronok (D:11)
  Snorg (Orc:2)
  Josephine (D:11)
  Fannar (D:10)
  5 vault guards (D:13)
  Harold (D:10)
  3 ogre magi
  Erolcha (D:11)
  A death knight (D:15)
  5 boulder beetles
  4 centaur warriors
  12 two-headed ogres
  A deep troll earth mage (D:15)
  3 skeletal warriors
  A deep troll (Orc:2)
  2 arcanists
  A phantasmal warrior (D:15)
  Pikel (D:5)
  5 cyclopes
  An orc sorcerer (Orc:2)
  2 ugly things
  6 manticores
  2 kobold blastminers (Orc:1)
  A black mamba (shapeshifter) (D:15)
  2 efreet (D:14)
  An unseen horror zombie (D:9)
  A komodo dragon (D:10)
  A freezing wraith (D:15)
  14 trolls
  A shadow (D:10)
  2 wyverns
  A slime creature (D:15)
  A vampire (D:13)
  A basilisk (D:13)
  A water elemental (D:13)
  7 humans (D:13)
  9 wraiths
  35 yaks
  2 wargs
  15 vampire mosquitoes
  A golden eye (shapeshifter) (D:13)
  A fire elemental (D:13)
  A steam dragon (D:9)
  Edmund (D:6)
  An acid dragon (D:10)
  2 water moccasins (D:8)
  An ice beast (D:4)
  13 orc warriors
  2 black bears
  4 laughing skulls
  3 wolves (D:9)
  3 centaurs
  15 ogres
  A phantom (D:6)
  Blork the orc (D:5)
  6 kobold brigands
  3 bullfrogs
  4 gnoll sergeants
  4 scorpions
  20 wights
  13 killer bees
  6 electric eels (D:9)
  A bombardier beetle (D:6)
  A hound (shapeshifter) (D:13)
  A centaur zombie (D:9)
  3 jellies
  Crazy Yiuf (D:5)
  4 orc priests
  6 hounds
  2 iguanas
  A sleepcap (D:5)
  Terence (D:2)
  15 orc wizards
  18 gnolls
  7 adders
  A shadow imp (D:6)
  2 ufetubi (D:7)
  A ribbon worm (D:2)
  3 dart slugs
  A ribbon worm (shapeshifter) (D:14)
  42 orcs
  2 ball pythons
  7 endoplasms
  7 giant cockroaches
  6 hobgoblins
  21 kobolds
  4 quokkas (D:5)
  14 bats
  2 frilled lizards (D:1)
  3 goblins
  2 rats
441 creatures vanquished.

Notes
Turn   | Place    | Note
-------+----------+-------------------------------------------
     0 | D:1      | Kass the Minotaur Berserker began the quest for the Orb.
     0 | D:1      | Reached XP level 1. HP: 19/19 MP: 0/0
   100 | D:1      | Reached skill level 4 in Fighting
   124 | D:1      | Reached XP level 2. HP: 27/27 MP: 1/1
   486 | D:2      | Reached XP level 3. HP: 34/34 MP: 2/2
   516 | D:2      | Reached ** piety under Trog
   517 | D:2      | Found Porutsyo's Jewellery Emporium.
   533 | D:2      | Noticed Terence
   539 | D:2      | Killed Terence
   610 | D:2      | Found Qityhem's One-of-a-Kind Rings.
   646 | D:2      | Found Kialur's Antique Armour Shoppe.
   705 | D:2      | Reached XP level 4. HP: 41/41 MP: 3/3
   705 | D:2      | Found Vyikiko's Magic Scroll Shoppe.
   705 | D:2      | Identified the ring "Itearan" {rElec rF+ rC- rCorr MP+9}
   791 | D:2      | Bought a scroll of identify for 22 gold pieces
   791 | D:2      | Bought a scroll of teleportation for 33 gold pieces
   791 | D:2      | Bought a scroll of noise for 11 gold pieces
   861 | D:2      | Found Iqeuth's Assorted Antiques.
  1189 | D:3      | Reached skill level 5 in Fighting
  1189 | D:3      | Reached skill level 5 in Polearms
  1301 | D:3      | Found a radiant altar of Vehumet.
  1303 | D:3      | Found a bloodstained altar of Trog.
  1303 | D:3      | Found a white marble altar of Elyvilon.
  1306 | D:3      | Found a sacrificial altar of Ru.
  1989 | D:4      | Noticed Colgate's ghost (amateur DsCA)
  1994 | D:4      | Identified the +1 scale mail of Plog {Str-5 Int-4 Slay+5
                  | SInv}
  1994 | D:4      | Noticed an ice beast
  2004 | D:4      | Killed an ice beast
  2005 | D:4      | Reached XP level 5. HP: 21/50 MP: 4/4
  2114 | D:4      | Found a transporter.
  2119 | D:4      | Found a transporter.
  2640 | D:5      | Entered Level 5 of the Dungeon
  2646 | D:5      | Reached skill level 6 in Fighting
  2795 | D:5      | Reached XP level 6. HP: 51/58 MP: 5/5
  2818 | D:5      | Noticed Blork the orc
  2833 | D:5      | Killed Blork the orc
  2892 | D:5      | Found a runed translucent door.
  2893 | D:5      | Noticed Crazy Yiuf
  2903 | D:5      | Killed Crazy Yiuf
  3071 | D:5      | Reached *** piety under Trog
  3105 | D:5      | Reached skill level 7 in Fighting
  3107 | D:5      | Reached XP level 7. HP: 39/66 MP: 6/6
  3419 | D:5      | Noticed Pikel
  3430 | D:5      | Killed Pikel
  3431 | D:5      | Reached skill level 9 in Fighting
  3431 | D:5      | Reached XP level 8. HP: 67/78 MP: 7/7
  3792 | D:5      | Reached skill level 1 in Maces & Flails
  4436 | D:2      | Bought a scroll of blinking for 82 gold pieces
  4436 | D:2      | Bought a scroll of amnesia for 44 gold pieces
  4758 | D:6      | Noticed Edmund
  4767 | D:6      | Killed Edmund
  4829 | D:6      | Found a staircase to the Ecumenical Temple.
  4840 | Temple   | Entered the Ecumenical Temple
  5138 | D:6      | Reached **** piety under Trog
  5139 | D:6      | Reached XP level 9. HP: 63/85 MP: 8/8
  5271 | D:6      | Found a snail-covered altar of Cheibriados.
  5508 | D:7      | Reached skill level 10 in Fighting
  5508 | D:7      | Reached skill level 5 in Armour
  5921 | D:7      | Reached skill level 5 in Dodging
  6156 | D:7      | Found a blossoming altar of Fedhas.
  6158 | D:7      | Found an ancient bone altar of Kikubaaqudgha.
  6213 | D:7      | Reached skill level 5 in Maces & Flails
  6347 | D:7      | Identified the +3 scale mail of Elyvilon's Inspiration
                  | {rElec rN++}
  6536 | D:7      | Found a transporter.
  7293 | D:7      | Noticed a troll
  7305 | D:7      | Killed a troll
  7434 | D:7      | Found a transporter.
  7580 | D:8      | Reached skill level 11 in Fighting
  7583 | D:8      | Reached XP level 10. HP: 92/95 MP: 9/9
  7666 | D:8      | Found Resuasal's Antique Weapon Shoppe.
  7860 | D:8      | Reached skill level 1 in Shields
  7952 | D:8      | Found a transporter.
  7956 | D:8      | Noticed a two-headed ogre
  7966 | D:8      | Found a bloodstained altar of Trog.
  7972 | D:8      | Found a transporter.
  7972 | D:8      | Noticed a moth of wrath
  8009 | D:8      | Noticed AlterAsc's ghost (novice OpSh)
  8026 | D:8      | Found a broken altar of Ashenzari.
  8026 | D:8      | Found a stormy altar of Qazlal.
  8028 | D:8      | Found a glowing silver altar of Zin.
  8290 | D:9      | Noticed a boulder beetle
  8334 | D:9      | Noticed a two-headed ogre
  8353 | D:8      | Killed a two-headed ogre
  8591 | D:9      | Reached ***** piety under Trog
  8761 | D:9      | Killed a boulder beetle
  9289 | D:9      | Reached skill level 12 in Fighting
  9289 | D:9      | Reached XP level 11. HP: 104/104 MP: 10/10
  9535 | D:9      | Reached skill level 5 in Shields
  9771 | D:9      | Found a runed translucent door.
  9771 | D:9      | Noticed a sixfirhy
  9887 | D:9      | Found a staircase to the Lair.
  9933 | D:9      | Noticed a two-headed ogre
  9942 | D:9      | Killed a two-headed ogre
 10198 | D:9      | Found a basalt altar of Yredelemnul.
 10274 | D:10     | Entered Level 10 of the Dungeon
 10652 | D:10     | Noticed Harold
 10696 | D:10     | Killed Harold
 10903 | D:10     | Noticed a two-headed ogre
 10905 | D:10     | Noticed Fannar
 10916 | D:10     | Killed a two-headed ogre
 10931 | D:10     | Killed Fannar
 11048 | D:10     | Found a portal to a secret trove of treasure.
 11094 | D:10     | Noticed a two-headed ogre
 11118 | D:10     | Killed a two-headed ogre
 11119 | D:10     | Reached skill level 13 in Fighting
 11123 | D:10     | Received a gift from Trog
 11193 | D:10     | Reached skill level 10 in Armour
 11199 | D:10     | Reached XP level 12. HP: 73/115 MP: 11/11
 11485 | D:11     | Noticed Erolcha
 11492 | D:11     | Killed Erolcha
 11592 | D:11     | Noticed a two-headed ogre
 11603 | D:11     | Killed a two-headed ogre
 11732 | D:11     | Noticed a boulder beetle
 11754 | D:11     | Killed a boulder beetle
 11755 | D:11     | Reached skill level 10 in Maces & Flails
 12005 | D:11     | Noticed a two-headed ogre
 12010 | D:11     | Killed a two-headed ogre
 12296 | D:11     | Noticed Josephine
 12308 | D:11     | Killed Josephine
 12647 | D:11     | Reached skill level 10 in Dodging
 12680 | D:11     | Noticed a boulder beetle
 12703 | D:11     | Killed a boulder beetle
 12977 | D:11     | Noticed Gastronok
 12997 | D:11     | Killed Gastronok
 13570 | D:11     | Found a staircase to the Orcish Mines.
 13580 | D:11     | Reached skill level 14 in Fighting
 13795 | D:2      | Bought a scroll labelled KOUZOE JATHROUH for 28 gold pieces
 13795 | D:2      | Bought a crude kite shield for 266 gold pieces
 13795 | D:2      | Identified the +5 kite shield "Maehaotz" {rPois Str-3
                  | Dex+3} (You bought it in a shop on level 2 of the Dungeon)
 14591 | D:12     | Noticed a centaur warrior
 14606 | D:12     | Killed a centaur warrior
 14844 | D:12     | Reached XP level 13. HP: 104/124 MP: 12/12
 15045 | D:12     | Received a gift from Trog
 15430 | D:13     | Reached skill level 1 in Evocations
 16185 | D:13     | Found a gate to the Vaults.
 16635 | D:13     | Reached skill level 10 in Shields
 17101 | D:14     | Found a hazy altar of Hepliaklqana.
 17634 | D:14     | Reached skill level 15 in Fighting
 18016 | D:15     | Entered Level 15 of the Dungeon
 18713 | D:15     | Reached XP level 14. HP: 108/135 MP: 13/13
 19154 | Orc:1    | Entered Level 1 of the Orcish Mines
 19154 | Orc:1    | Found Joekhlec's Weapon Boutique.
 19683 | Orc:2    | Entered Level 2 of the Orcish Mines
 19683 | Orc:2    | Noticed Snorg
 19697 | Orc:2    | Killed Snorg
 19758 | Orc:2    | Found a gate leading to a gauntlet.
 19763 | Orc:2    | Found Reumy's Magic Scroll Shop.
 19766 | Orc:2    | Found Dymeluel's Antique Armour Emporium.
 19912 | Orc:2    | Reached skill level 16 in Fighting
 20175 | Orc:2    | Noticed Nessos
 20207 | Orc:2    | Reached skill level 5 in Evocations
 20210 | Orc:2    | HP: 4/138 [Nessos/arrow (12)]
 20211 | Orc:2    | Succumbed to Nessos's poison

Illustrated notes

Levels and vault maps discovered:
D:1:      eino_arrival_cavern_c, layout_rooms, minivault_24
D:2:      layout_loops_ring, serial_shops, shop, nicolae_square_shop,
          nicolae_shop_crystal, shop, nicolae_shop_unique_rings, uniq_terence
D:3:      layout_loops_corners, grunt_temple_overflow_open
D:4:      layout_basic, gammafunk_ghost_arena
D:5:      old_forge, layout_basic, gup_sewer_entry_pipe, uniq_pikel,
          uniq_crazy_yiuf_cottage, uniq_blork_the_orc
D:6:      layout_gridville, mainiacjoe_overflow_chevrons,
          minmay_temple_entry_arrows, kennysheep_generic_room_3, uniq_edmund
D:7:      gammafunk_cloud_chamber, layout_gridville,
          grunt_temple_overflow_growth_and_decay
D:8:      layout_cave_pools, gammafunk_temple_overflow_forgotten, serial_shops,
          nicolae_shop_pleasant_corner_grove, gammafunk_ghost_wrathful_warriors
D:9:      cheibrodos_shockbox, layout_rooms, lemuel_zombie_altar_yredelemnul,
          erik_lair_island, serial_bayou, serial_bayou_crossing,
          serial_bayou_pond_b, serial_bayou_pond_b, serial_bayou_pond_b,
          serial_bayou_pond_b, serial_bayou_shore_a
D:10:     layout_rooms, nicolae_trove_entry_crossroad, uniq_harold, uniq_fannar
D:11:     layout_loops_cross, david_orc_4, uniq_erolcha, uniq_josephine,
          uniq_gastronok
D:12:     layout_gridville, portal_ice_cave_entry_pillars_2
D:13:     layout_loops_ring, ximxim_vaults_locker_room, nicolae_lava_and_water
D:14:     layout_cave_pools, nicolae_hepliaklqana_hazy_memory
D:15:     hellmonk_depths_entry_around_the_bend, layout_irregular_city,
          led_sif_pool, st_stairs_9, minmay_puff
Temple:   bh_familiar_temple
Orc:1:    layout_caves, serial_shops, nicolae_shop_bloodbath_and_beyond
Orc:2:    st_orc_open, layout_caves, gauntlet_entry_generic, uniq_snorg,
          uniq_nessos

Skill      XL: |  1  2  3  4  5  6  7  8  9 10 11 12 13 14 |
---------------+-------------------------------------------+-----
Fighting       | 4 5 6 7 9 11 12 13 14 15 16 | 16.4
Polearms       | 4 5 6 7 9 |  9.0
Maces & Flails | 3 6 7 9 11 12 | 12.0
Armour         | 4 6 8 10 11 12 13 | 13.2
Dodging        | 4 6 7 9 10 11 12 | 12.2
Shields        | 4 7 9 10 11 | 11.3
Evocations     | 3 5 |  5.0

Action                     |  1- 3 |  4- 6 |  7- 9 | 10-12 | 13-15 || total
---------------------------+-------+-------+-------+-------+-------++-------
  Melee: Spear             |    62 |    87 |    37 |       |       ||   186
         Headbutt          |    10 |    13 |    44 |   170 |   190 ||   427
         Whip              |       |       |   245 |   665 |   686 ||  1596
         Punch             |       |       |     6 |       |       ||     6
         Flail             |       |       |       |    16 |       ||    16
  Throw: Dart              |       |       |     8 |    19 |       ||    27
 Invoke: Berserk           |       |       |       |       |     1 ||     1
         Trog's Hand       |       |       |       |       |     1 ||     1
    Use: Potion            |       |     1 |       |       |       ||     1
         Scroll            |       |       |       |       |     1 ||     1
 Armour: Animal skin       |     2 |       |       |       |       ||     2
         Scale mail        |    14 |    25 |   203 |   356 |   223 ||   821
  Dodge: Dodged            |    16 |    18 |   151 |   204 |   167 ||   556
  Block: Kite shield       |       |       |     1 |   244 |   443 ||   688
